 Dungeon Crawl Stone Soup version 0.26-a0-712-ga5a9c9c9d0 (webtiles) character file.

Game seed: 6753704337849577465

7431 Lanoc the Fighter (level 10, -6/136 HPs)
             Began as a Grey Draconian Abyssal Knight on Nov 2, 2020.
             Was an Elder of Lugonu.
             Mangled by a wraith (9 damage)
             ... led by Josephine
             ... on level 11 of the Dungeon.
             The game lasted 00:18:10 (14081 turns).

Lanoc the Fighter (Grey Draconian Abyssal Knight)  Turns: 14081, Time: 00:18:11

Health: -6/136     AC: 13    Str: 14    XL:     10   Next: 93%
Magic:  16/16      EV: 16    Int: 12    God:    Lugonu [****..]
Gold:   531        SH:  5    Dex: 15    Spells: 9/9 levels left

rFire    . . .     SeeInvis .   s - +7 falchion of Oenomania {holy, Stlth+}
rCold    + . .     Faith    .   o - +0 buckler
rNeg     . . .     Spirit   .   (armour unavailable)
rPois    .         Reflect  .   (helmet restricted)
rElec    .         Harm     .   (no cloak)
rCorr    .         Rampage  .   e - +0 pair of gloves
MR       .....                  (no boots)
Stlth    ..........             (no amulet)
HPRegen  0.32/turn              m - ring of protection from cold
MPRegen  0.15/turn              (no ring)

@: berserking, slowed, heavily drained
A: walk through water, unfitting armour, unbreathing, cold-blooded, AC +12
a: Depart the Abyss, Bend Space, Banish, Corrupt, Renounce Religion


You were on level 11 of the Dungeon.
You worshipped Lugonu.
Lugonu was greatly pleased with you.
You visited 2 branches of the dungeon, and saw 12 of its levels.
You visited the Abyss 1 time.

You collected 531 gold pieces.

Inventory:

Hand Weapons
 a - a +2 spear
 s - the +7 falchion of Oenomania (weapon) {holy, Stlth+}
   (You found it on level 10 of the Dungeon)

   It has been blessed by the Shining One to cause great damage to the undead
   and demons.
   It makes you more stealthy.
Armour
 e - a +0 pair of gloves (worn)
 o - a +0 buckler (worn)
Jewellery
 m - a ring of protection from cold (left hand)
Wands
 q - a wand of polymorph (11)
Scrolls
 b - 3 scrolls of enchant armour
 d - 5 scrolls of identify
 g - 3 scrolls of remove curse
 h - 3 scrolls of magic mapping
 i - 2 scrolls of blinking {unknown}
 j - 3 scrolls of teleportation
 n - a scroll of enchant weapon
 p - 2 scrolls of immolation {unknown}
Potions
 c - 2 potions of brilliance
 f - 2 potions of flight
 k - 2 potions of curing


   Skills:
 + Level 9.4(8.0) Fighting
 - Level 9.2(7.8) Polearms
 + Level 7.5(6.2) Dodging
 - Level 4.0(2.8) Shields
 + Level 8.9(7.6) Invocations


You had 9 spell levels left.
You didn't know any spells.
Your spell library contained the following spells:

 Spells                   Type           Power        Failure   Level
 Corona                   Hex            #......      36%         1
 Magic Dart               Conj           #...         36%         1
 Sandblast                Erth           #.....       36%         1
 Passwall                 Tmut/Erth      #.......     50%         2
 Searing Ray              Conj           #.....       50%         2
 Slow                     Hex            #.......     50%         2
 Confusing Touch          Hex            #.......     75%         3
 Dazzling Flash           Conj/Hex       #.....       75%         3
 Gell's Gravitas          Tloc           #.........   75%         3
 Inner Flame              Hex/Fire       #.......     75%         3
 Portal Projectile        Hex/Tloc       #.....       75%         3
 Stone Arrow              Conj/Erth      #.....       75%         3
 Cause Fear               Hex            #.........   98%         4
 Fulminant Prism          Conj/Hex       #.........   98%         4
 Iskenderun's Mystic Bla  Conj/Tloc      #.......     98%         4
 Leda's Liquefaction      Hex/Erth       #.........   98%         4
 Petrify                  Tmut/Erth      #.......     98%         4
 Lee's Rapid Deconstruct  Erth           #.........   100%        5
 Metabolic Englaciation   Hex/Ice        #.........   100%        5
 Yara's Violent Unravell  Hex/Tmut       #.........   100%        5


Dungeon Overview and Level Annotations

Branches:
Dungeon (11/15)            Temple (1/1) D:5             Orc (0/2) D:10
   Lair: D:8-11

Altars:
Ashenzari
Cheibriados
Dithmenos
Fedhas
Gozag
Kikubaaqudgha
Makhleb
Okawaru
Qazlal
Trog
Wu Jian
Xom
Yredelemnul
The Shining One

Shops:
D:4 *

Annotations:
D:6 2 transporters
D:11 Josephine


Innate Abilities, Weirdness & Mutations

You can walk through water.
Your dull iron-grey scales are very hard. (AC +12)
You cannot fit into any form of body armour.
You can survive without breathing.
You are cold-blooded and may be slowed by cold attacks.


Message History

You block Josephine's attack. You block the wraith's attack.
The wraith hits you but does no damage.
You slash Josephine! You tail-slap Josephine!
Josephine is severely wounded.
The wraith barely misses you.
Josephine is infused with unholy energy.
* * * LOW HITPOINT WARNING * * *
Josephine draws life force from you and is healed!
The wraith hits you but does no damage. The wraith hits you!
* * * LOW HITPOINT WARNING * * *
The wraith drains your vigour!
You feel as though you will be slow longer.
You block the wraith's attack.
You slash Josephine! You tail-slap Josephine.
Josephine is almost dead.
Josephine is infused with unholy energy.
* * * LOW HITPOINT WARNING * * *
Josephine draws life force from you and is healed!
The wraith hits you!
You die...

#####........ ..
#........)..#
..#####...........#
..................#
..................#
..................#
..........WWW.....#
...........@@W....#
#####..######.......
#..# ..##### #..#
..# #..# .(# #.<#
..# #### ..# ?.#


You could see Josephine and 4 wraiths.

Vanquished Creatures
  A troll (D:10)
  Prince Ribbit (D:7)
  2 wyverns
  A wraith (D:11)
  7 yaks (D:10)
  Menkaure (D:7)
  5 orc warriors
  A phantom (D:7)
  3 sky beasts
  5 centaurs
  6 ogres
  4 big kobolds (D:10)
  6 bullfrogs
  2 gnoll sergeants (D:10)
  2 scorpions
  6 killer bees
  9 wights
  3 howler monkeys
  A centaur zombie (D:6)
  2 bullfrog zombies
  4 hounds
  3 jellies
  3 orc priests
  3 centaur skeletons
  A gnoll shaman (D:7)
  Terence (D:2)
  7 worker ants
  2 iguanas
  12 orc wizards
  A worker ant zombie (D:10)
  Robin (D:2)
  12 gnolls
  A howler monkey zombie (D:8)
  10 adders
  3 shadow imps
  2 white imps (D:6)
  An ufetubus (D:5)
  2 oozes
  An adder zombie (D:5)
  An adder skeleton (D:8)
  A worm (D:3)
  A dart slug (D:4)
  4 leopard geckos
  34 orcs
  6 giant cockroaches
  13 goblins
  7 hobgoblins
  4 jackals
  4 kobolds
  3 quokkas
  A ball python (D:7)
  5 bats
  3 frilled lizards
  A jackal skeleton (D:6)
  A quokka zombie (D:5)
  2 rats
229 creatures vanquished.

Vanquished Creatures (others)
  A wizard (D:9)
  13 fungi (D:10)
  14 plants (D:10)
28 creatures vanquished.

Grand Total: 257 creatures vanquished

Notes
Turn   | Place    | Note
-------+----------+-------------------------------------------
     0 | Abyss:1  | Lanoc the Draconian Abyssal Knight began the quest for the
                  | Orb.
     0 | Abyss:1  | Reached XP level 1. HP: 19/19 MP: 2/2
   118 | Abyss:1  | Noticed a raiju
   134 | Abyss:1  | Noticed a death knight
   143 | Abyss:1  | Noticed a worldbinder
   145 | D:1      | Escaped the Abyss
   220 | D:2      | Found an ornate altar of the Wu Jian Council.
   240 | D:2      | Reached XP level 2. HP: 26/26 MP: 3/3
   260 | D:2      | Noticed Terence
   294 | D:2      | Killed Terence
   294 | D:2      | Reached XP level 3. HP: 6/31 MP: 4/4
   601 | D:3      | Reached * piety under Lugonu
   632 | D:3      | Noticed Robin
   822 | D:2      | Reached XP level 4. HP: 17/40 MP: 6/6
   998 | D:2      | Killed Robin
  1338 | D:3      | Reached ** piety under Lugonu
  1790 | D:3      | Found a blossoming altar of Fedhas.
  2070 | D:4      | Noticed an ogre
  2073 | D:4      | Killed an ogre
  2073 | D:4      | Reached XP level 5. HP: 46/46 MP: 7/7
  2108 | D:4      | HP: 1/47 [orc priest/divine providence (12)]
  2111 | D:4      | Reached XP level 6. HP: 2/53 MP: 8/8
  2435 | D:4      | Found an opulent altar of Gozag.
  2437 | D:4      | Found Gozag's Platinum Reserve.
  2521 | D:4      | Found a glowing golden altar of the Shining One.
  2812 | D:4      | Noticed an orc warrior
  2824 | D:4      | Killed an orc warrior
  3050 | D:3      | Reached skill level 5 in Polearms
  3050 | D:3      | Your scales start taking on a dull iron-grey colour.
  3050 | D:3      | Reached XP level 7. HP: 57/60 MP: 10/10
  3050 | D:3      | Gained mutation: You can survive without breathing. [Grey
                  | Draconian growth]
  3074 | D:4      | Reached skill level 5 in Fighting
  3220 | D:5      | Entered Level 5 of the Dungeon
  3403 | D:5      | Found a bloodstained altar of Trog.
  3959 | D:5      | Found an ancient bone altar of Kikubaaqudgha.
  3962 | D:5      | Found a stormy altar of Qazlal.
  3965 | D:5      | Found a snail-covered altar of Cheibriados.
  3968 | D:5      | Found a shadowy altar of Dithmenos.
  4408 | D:5      | Found a staircase to the Ecumenical Temple.
  4412 | Temple   | Entered the Ecumenical Temple
  4702 | D:6      | Reached XP level 8. HP: 44/69 MP: 11/11
  4714 | D:6      | Reached skill level 5 in Invocations
  5228 | D:6      | Found a shimmering altar of Xom.
  5235 | D:6      | You fall into a shaft and drop 3 floors!
  5327 | D:9      | Found a bloodstained altar of Trog.
  5328 | D:9      | Noticed a wizard
  5333 | D:9      | Killed a wizard
  5867 | D:9      | Found a broken altar of Ashenzari.
  6169 | D:9      | Found an iron altar of Okawaru.
  6565 | D:7      | Reached skill level 5 in Dodging
  6565 | D:7      | Reached skill level 1 in Shields
  6896 | D:6      | Reached *** piety under Lugonu
  7243 | D:6      | Found a transporter.
  7250 | D:6      | Found a transporter.
  7250 | D:6      | Noticed an ogre mage
  7320 | D:6      | Reached XP level 9. HP: 77/78 MP: 13/13
  7620 | D:7      | Found a burning altar of Makhleb.
  8469 | D:7      | Found a basalt altar of Yredelemnul.
  8494 | D:7      | Noticed Prince Ribbit
  8509 | D:7      | Killed Prince Ribbit
  8685 | D:7      | Noticed Menkaure
  8707 | D:7      | Killed Menkaure
 10528 | D:8      | Reached **** piety under Lugonu
 11726 | D:8      | Reached XP level 10. HP: 57/86 MP: 15/15
 12486 | D:10     | Entered Level 10 of the Dungeon
 12489 | D:10     | Got a crystal falchion
 12489 | D:10     | Identified the +7 falchion of Oenomania {holy, Stlth+} (You
                  | found it on level 10 of the Dungeon)
 12926 | D:10     | Noticed a two-headed ogre
 12933 | D:10     | Noticed a deep troll
 12933 | D:10     | a two-headed ogre changed into a deep troll
 13092 | D:10     | Noticed a two-headed ogre
 13150 | D:10     | Found a staircase to the Orcish Mines.
 14069 | D:11     | Noticed Josephine
 14081 | D:11     | HP: 3/136 [Josephine/vampiric draining (26)]
 14081 | D:11     | Mangled by a wraith

Illustrated notes

Levels and vault maps discovered:
D:1:      dpeg_arrival_simpleton_c, layout_rooms, ebering_dispersal_statue_hall
D:2:      layout_rooms, old_standard_altar, overflow_temple_1_default,
          uniq_terence
D:3:      layout_loops_ring, fedhas_ov_isle_minmay, uniq_robin
D:4:      layout_rooms, kennysheep_mini, chequers_serial_rivers_micro_d,
          nicolae_gozag_zags_fifth_avenue
D:5:      layout_layer_cave, lemuel_crystal_altar,
          grunt_temple_overflow_cloverleaf, temple_hall_moat
D:6:      minmay_cornered_nines, layout_rooms, gammafunk_temple_overflow_arena,
          hangedman_decor_lopped
D:7:      layout_gridville, bloody_makhleb, yredelemnul_altar_generic,
          uniq_prince_ribbit1, uniq_menkaure
D:8:      layout_rooms
D:9:      layout_basic, lemuel_round_altar, nicolae_ashenzari_panopticon,
          minmay_misc_feat_doors, trog_wizard
D:10:     layout_roguey, grunt_lair_entry_orc_guard_hut,
          kennysheep_orc_monster_closet_entryway
D:11:     layout_small_grid, uniq_sonja, uniq_josephine
Temple:   corrupted_temple

Skill      XL: |  1  2  3  4  5  6  7  8  9 10 |
---------------+-------------------------------+-----
Polearms       | 3 4 5 6 7 9 |  9.2
Fighting       | 4 5 6 7 9 |  9.4
Invocations    | 3 4 5 7 8 |  8.9
Dodging        | 3 4 5 6 7 |  7.5
Shields        | 1 3 4 |  4.0

Action                   |  1- 3 |  4- 6 |  7- 9 | 10-12 || total
-------------------------+-------+-------+-------+-------++-------
Melee: Spear             |    96 |   171 |   967 |    44 ||  1278
       Tailslap          |     5 |    15 |   129 |    47 ||   196
       Falchion          |       |       |       |   203 ||   203
Invok: Depart the Abyss  |     1 |       |       |       ||     1
       Bend Space        |       |       |     2 |       ||     2
       Banish            |       |       |     1 |       ||     1
Evoke: Wand              |       |     9 |     1 |     2 ||    12
  Use: Scroll            |     3 |     6 |       |       ||     9
       Potion            |       |     3 |       |     4 ||     7
 Stab: Sleeping          |     1 |     1 |     2 |     2 ||     6
       Invisible         |       |     2 |       |       ||     2
       Distracted        |       |       |       |     1 ||     1
Armor: Skin              |    41 |    42 |   239 |    66 ||   388
Dodge: Dodged            |    34 |    84 |   530 |   187 ||   835
Block: Buckler           |       |       |   110 |    55 ||   165
       Rpst.: Falchion   |       |       |       |    38 ||    38

Table legend: (Time is in decaauts)
 A = Elapsed time spent in this place.
 B = Non-inter-level travel time spent in this place.
 C = Inter-level travel time spent in this place.
 D = Time resting spent in this place.
 E = Time spent auto-exploring this place.
 F = Levels seen in this place.
 G = Mean time per level.
                   A        B        C        D        E       F      G
               +--------+--------+--------+--------+--------+-----+--------+
         Total |  13894 |  13270 |    624 |   2946 |   7897 |  13 | 1068.8 |
       Dungeon |  13747 |  13123 |    624 |   2946 |   7780 |  11 | 1249.7 |
        Temple |      1 |      1 |      0 |      0 |      0 |   1 |    1.0 |
         Abyss |    145 |    145 |      0 |      0 |    117 |   1 |  145.0 |
               +--------+--------+--------+--------+--------+-----+--------+

Top non-repeatable levels by time:
     D:7: 4167 daAuts
     D:5: 1696 daAuts
     D:9: 1515 daAuts
     D:3: 1219 daAuts
     D:6: 1141 daAuts
    D:10: 1021 daAuts
     D:4: 949 daAuts
     D:8: 867 daAuts
     D:2: 818 daAuts
    D:11: 275 daAuts
 Abyss:1: 145 daAuts
     D:1: 74 daAuts
  Temple: 1 daAuts
